 Dungeon Crawl Stone Soup version 0.28.0-53-g5a82cb258f (webtiles) character file.

Game seed: 5467390081190333154

4726 Doot the Thaumaturge (level 10, -2/53 HPs)
             Began as a Deep Elf Conjurer on July 3, 2022.
             Was an Elder of Kikubaaqudgha.
             Slain by a water moccasin (7 damage)
             ... on level 9 of the Dungeon.
             The game lasted 00:21:19 (11696 turns).

Doot the Thaumaturge (Deep Elf Conjurer)           Turns: 11696, Time: 00:21:19

Health: -2/53      AC:  4    Str:  4    XL:     10   Next: 22%
Magic:  25/35      EV: 14    Int: 28    God:    Kikubaaqudgha [****..]
Gold:   100        SH:  0    Dex: 13    Spells: 5/29 levels left

rFire   + . .      SeeInvis .   y - +5 scimitar
rCold   + . .      Faith    +   (no shield)
rNeg    . . .      Spirit   .   a - +0 robe
rPois   .          Reflect  .   n - +0 helmet
rElec   .          Harm     .   u - scarf {rC+ rF+}
rCorr   .          Rampage  .   L - +0 pair of gloves
Will    +....                   (no boots)
Stlth   +++.......              Q - amulet of faith
HPRegen 0.17/turn               v - ring of wizardry
MPRegen 0.24/turn               G - ring of magical power

@: no status effects
A: no striking features
a: Renounce Religion, Receive Corpses


You were on level 9 of the Dungeon.
You worshipped Kikubaaqudgha.
Kikubaaqudgha was greatly pleased with you.
You visited 2 branches of the dungeon, and saw 10 of its levels.
You also visited: Sewer.

You collected 679 gold pieces.
You spent 579 gold pieces at shops.

Inventory:

Hand Weapons
 c - a +0 dagger
 y - a +5 scimitar (weapon)
Missiles
 b - 14 poisoned darts
 d - 2 curare-tipped darts
Armour
 a - a +0 robe (worn)
 j - a +0 leather armour
 n - a +0 helmet (worn)
 u - a scarf of resistance (worn)
 C - a scarf of shadows
 L - a +0 pair of gloves (worn)
Magical Staves
 t - a staff of poison
Jewellery
 v - a ring of wizardry (left hand)
 G - a ring of magical power (right hand)
 J - a ring of ice
 K - a +6 ring of dexterity
 O - a +4 ring of protection
 Q - an amulet of faith (around neck)
Wands
 P - a wand of iceblast (9)
Scrolls
 f - a scroll of identify
 g - 2 scrolls of enchant armour {unknown}
 i - 7 scrolls of teleportation
 k - 3 scrolls of brand weapon
 m - 3 scrolls of vulnerability
 o - 2 scrolls of noise
 p - a scroll of fog {unknown}
 s - a scroll of enchant weapon {unknown}
 x - a scroll of immolation {unknown}
 F - 2 scrolls of amnesia
 H - a scroll of blinking {unknown}
 I - 2 scrolls of magic mapping {unknown}
Potions
 e - 2 potions of lignification
 h - 3 potions of magic
 l - a potion of heal wounds
 q - 2 potions of attraction
 r - 6 potions of mutation
 w - 4 potions of cancellation
 z - a potion of flight {unknown}
 A - 3 potions of curing
 B - a potion of resistance
 D - a potion of ambrosia
 E - a potion of haste
 M - a potion of brilliance {unknown}
 N - a potion of berserk rage {unknown}


   Skills:
 + Level 2.2 Fighting
 + Level 0.7(1.4) Short Blades
 + Level 1.5(1.7) Long Blades
 + Level 0.2 Throwing
 + Level 5.5 Dodging
 + Level 6.4 Stealth
 + Level 10.3 Spellcasting
 + Level 8.9 Conjurations
 * Level 9.2 Necromancy
 + Level 2.0 Translocations


You had 5 spell levels left.
You knew the following spells:

 Your Spells              Type           Power      Damage    Failure   Level
a - Magic Dart            Conj           100%       1d8       1%          1
b - Searing Ray           Conj           100%       2d8       1%          2
c - Iskenderun's Mystic   Conj/Tloc      45%        2d10      1%          4
d - Vampiric Draining     Necr           60%        2d10      1%          3
e - Dispel Undead         Necr           60%        3d21      1%          4
f - Agony                 Necr           60%        N/A       1%          5
g - Excruciating Wounds   Necr           30%        N/A       1%          5

Your spell library contained the following spells:

 Spells                   Type           Power      Damage    Failure   Level
 Animate Skeleton         Necr           100%       N/A       1%          1
 Pain                     Necr           100%       1d9       1%          1
 Corpse Rot               Necr/Air       80%        N/A       1%          2
 Sublimation of Blood     Necr           60%        N/A       1%          2
 Dazzling Flash           Conj/Hex       78%        N/A       1%          3
 Animate Dead             Necr           30%        N/A       1%          4
 Anguish                  Hex/Necr       20%        N/A       2%          4
 Fulminant Prism          Conj/Hex       19%        3d11      2%          4
 Portal Projectile        Hex/Tloc       40%        N/A       3%          3
 Borgnjor's Vile Clutch   Necr/Erth      20%        N/A       6%          5
 Blade Hands              Tmut           7%         N/A       38%         5
 Death Channel            Necr           30%        N/A       5%          6
 Simulacrum               Ice/Necr       20%        N/A       32%         6


Dungeon Overview and Level Annotations

Branches:
Dungeon (9/15)             Temple (1/1) D:5           Sewer (visited)
   Lair: D:8-11         Orc: D:9-12

Altars:
Ashenzari
Cheibriados
Dithmenos
Elyvilon
Gozag
Hepliaklqana
Kikubaaqudgha
Makhleb
Nemelex Xobeh
Okawaru
Qazlal
Ru
Sif Muna
Trog
Uskayaw
Wu Jian
The Shining One
Beogh

Shops:
D:3 ![!!?   D:6 *

Annotations:
D:4 2 transporters
D:8 Psyche


Message History

Casting: Vampiric Draining (safe; 1% risk of failure)
Confirm with . or Enter, or press ? or * to list all spells.
Aiming: Vampiric Draining (safe; 1% risk of failure)
Press: ? - help, Shift-Dir - straight line, f/p - bullfrog
Aim: a bullfrog (heavily wounded)
You draw life force from the bullfrog.
You feel life coursing into your body. The bullfrog closely misses you.
Something hits you.
You are poisoned.
The bullfrog barely misses you.
You feel very sick.
You hear some strange, mumbled words.
Something tries to affect you, but you resist.
Casting: Vampiric Draining (safe; 1% risk of failure)
Confirm with . or Enter, or press ? or * to list all spells.
Aiming: Vampiric Draining (safe; 1% risk of failure)
Press: ? - help, Shift-Dir - straight line, f/p - bullfrog
Aim: a bullfrog (severely wounded)
You draw life force from the bullfrog!
You kill the bullfrog!
Kikubaaqudgha accepts your kill.
You feel life coursing into your body.
You feel sick.
The orc wizard gestures wildly while chanting.
The orc wizard flickers and vanishes!
You feel sick. Something hits you.
* * * LOW HITPOINT WARNING * * *
You are more poisoned.
* * * LOW HITPOINT WARNING * * *
You feel very sick.
You feel better. The black bear closely misses you.
The black bear barely misses you. The black bear claws you.
You hear some strange, mumbled words.
A magic dart appears from out of thin air!
The magic dart hits you.
Unknown command.
The orc priest calls down the wrath of Beogh upon you.
Beogh smites you!
* * * LOW HITPOINT WARNING * * *
The water moccasin bites you!
You die...
Kikubaaqudgha rasps: "You have failed me!
Welcome... death!" ##(... ##### #...≈....≈.. #..... .... #..)≈...≈≈.. .....###.#### #........... ....(..<....##+#..........P ###+#.#..##.#.............. #.........+..o#######...P #####.#)..#.#..{# .PPP

#.....#)#)# #Sh.#
.P. #.....#)..#
#@..# P
#......).##+#...#
#...............#
##............###
#...≈≈.......#
####............#
#...............#
#.)............##
#.....≈........#


You could see a water moccasin, a black bear and an orc priest.

Vanquished Creatures
  4 kobold demonologists (D:9)
  A wyvern (D:7)
  Eustachio (D:6)
  A steam dragon (D:7)
  A water moccasin (D:3)
  An orc warrior (D:8)
  A sky beast (D:6)
  3 ogres
  A centaur (D:7)
  5 bullfrogs
  A kobold brigand (D:9)
  A wyvern zombie (D:8)
  4 scorpions
  4 howler monkeys
  13 wights
  2 electric eels (D:6)
  A centaur zombie (D:5)
  2 centaur skeletons
  5 hounds
  5 orc priests
  A bullfrog skeleton (D:5)
  2 iguanas
  5 orc wizards
  A hound skeleton (D:4)
  24 gnolls
  11 adders
  5 river rats
  A white imp (D:7)
  A worm (D:2)
  2 dart slugs
  26 orcs
  13 ball pythons
  6 bats
  9 endoplasms
  7 giant cockroaches
  30 goblins
  39 hobgoblins
  3 jackals (D:4)
  9 kobolds
  3 quokkas
  3 frilled lizards
  44 rats
302 creatures vanquished.

Vanquished Creatures (others)
  An orc (D:8)
  15 fungi (D:9)
  9 plants (D:9)
25 creatures vanquished.

Grand Total: 327 creatures vanquished

Notes
Turn   | Place    | Note
-------+----------+-------------------------------------------
     0 | D:1      | Doot the Deep Elf Conjurer began the quest for the Orb.
     0 | D:1      | Reached XP level 1. HP: 10/10 MP: 6/6
    86 | D:1      | Reached XP level 2. HP: 15/15 MP: 4/8
   125 | D:1      | Learned a level 2 spell: Searing Ray
   220 | D:2      | Reached skill level 5 in Conjurations
   220 | D:2      | Reached XP level 3. HP: 9/19 MP: 1/9
   767 | D:4      | Reached XP level 4. HP: 24/24 MP: 6/10
   810 | D:4      | Learned a level 4 spell: Iskenderun's Mystic Blast
   836 | D:4      | Noticed an ogre
   846 | D:4      | Killed an ogre
   847 | D:4      | Reached XP level 5. HP: 28/28 MP: 2/12
  1094 | D:4      | Found a transporter.
  1363 | D:4      | Reached XP level 6. HP: 18/32 MP: 1/13
  1504 | D:4      | Found a white marble altar of Elyvilon.
  1616 | D:4      | Reached skill level 4 in Spellcasting
  1714 | D:4      | Found a transporter.
  1716 | D:4      | Noticed an ice beast
  1868 | D:5      | Entered Level 5 of the Dungeon
  2080 | D:5      | Learned a level 3 spell: Vampiric Draining
  2229 | D:5      | Reached skill level 1 in Necromancy
  2246 | D:5      | Reached XP level 7. HP: 33/37 MP: 7/15
  2313 | D:5      | Found a glowing drain.
  2326 | Sewer    | Entered a sewer
  3225 | Sewer    | Reached skill level 5 in Spellcasting
  3320 | Sewer    | Reached skill level 1 in Fighting
  3919 | D:5      | Found a snail-covered altar of Cheibriados.
  3955 | D:5      | Found a staircase to the Ecumenical Temple.
  3964 | Temple   | Entered the Ecumenical Temple
  3968 | Temple   | Became a worshipper of Kikubaaqudgha
  4266 | D:5      | Reached skill level 6 in Spellcasting
  4266 | D:5      | Reached XP level 8. HP: 43/43 MP: 14/19
  4347 | D:5      | Learned a level 4 spell: Dispel Undead
  4740 | D:6      | Reached skill level 5 in Stealth
  5045 | D:6      | Found Niceepp's Assorted Antiques.
  5319 | D:6      | Reached skill level 7 in Spellcasting
  5347 | D:6      | Reached skill level 5 in Dodging
  5481 | D:6      | Reached skill level 5 in Necromancy
  5737 | D:6      | Noticed Eustachio
  5744 | D:6      | Killed Eustachio
  6459 | D:3      | Found Jadig's Distillery.
  6594 | D:3      | Bought a potion of curing for 36 gold pieces
  6594 | D:3      | Bought a potion of magic for 96 gold pieces
  6594 | D:3      | Bought a potion of curing for 36 gold pieces
  6594 | D:3      | Bought a potion of ambrosia for 96 gold pieces
  6605 | D:3      | Found Usesour's Distillery.
  6610 | D:3      | Bought a potion of haste for 130 gold pieces
  6651 | D:3      | Found Meic's Armour Shop.
  6670 | D:3      | Reached * piety under Kikubaaqudgha
  6670 | D:3      | Received a gift from Kikubaaqudgha
  6684 | D:3      | Learned a level 5 spell: Agony
  6689 | D:3      | Found Lyloh's Distillery.
  6711 | D:3      | Reached XP level 9. HP: 45/48 MP: 19/22
  6724 | D:3      | Bought a potion of degeneration for 10 gold pieces
  6886 | D:3      | Found a shadowy altar of Dithmenos.
  6887 | D:3      | Found a hazy altar of Hepliaklqana.
  7373 | D:3      | Reached ** piety under Kikubaaqudgha
  7422 | D:3      | Reached skill level 1 in Translocations
  7691 | D:3      | Found a stormy altar of Qazlal.
  7766 | D:3      | Found Jacu's Magic Scroll Shoppe.
  7774 | D:3      | Bought a scroll of teleportation for 33 gold pieces
  7774 | D:3      | Bought a scroll of amnesia for 38 gold pieces
  7774 | D:3      | Bought a scroll of amnesia for 38 gold pieces
  7774 | D:3      | Bought a scroll of identify for 22 gold pieces
  7774 | D:3      | Bought a scroll of identify for 22 gold pieces
  7774 | D:3      | Bought a scroll of identify for 22 gold pieces
  8039 | D:1      | Found a faded altar of an unknown god.
  8345 | D:1      | Reached *** piety under Kikubaaqudgha
  8345 | D:1      | Received a gift from Kikubaaqudgha
  9575 | D:7      | Found an opulent altar of Gozag.
  9632 | D:7      | Reached skill level 8 in Spellcasting
 10304 | D:7      | Learned a level 5 spell: Excruciating Wounds
 10318 | D:7      | Reached skill level 1 in Long Blades
 10541 | D:7      | Reached skill level 9 in Spellcasting
 10698 | D:7      | Reached **** piety under Kikubaaqudgha
 11020 | D:8      | Found a burning altar of Makhleb.
 11036 | D:8      | Noticed Psyche
 11208 | D:8      | Found a bloodstained altar of Trog.
 11454 | D:9      | Noticed a kobold demonologist
 11455 | D:9      | Noticed a kobold demonologist
 11457 | D:9      | Noticed a kobold demonologist
 11461 | D:9      | Killed a kobold demonologist
 11462 | D:9      | Noticed a kobold demonologist
 11463 | D:9      | Killed a kobold demonologist
 11464 | D:9      | Reached skill level 10 in Spellcasting
 11464 | D:9      | Reached XP level 10. HP: 53/53 MP: 22/26
 11683 | D:9      | HP: 1/53 [black bear (4)]
 11696 | D:9      | Slain by a water moccasin

Illustrated notes

Levels and vault maps discovered:
D:1:      arrival_zaba_pyramid, layout_basic,
          hellmonk_ecumenical_altar_defaced_shrine, item_on_display_a
D:2:      layout_loops_cross, dk_vineyard_3, minmay_hexomino_u4
D:3:      minmay_goblin_kobold_castle, layout_rooms,
          riverfiend_overflow_shadow_ancestor, grunt_qazlal_sundering,
          serial_shops, nicolae_shop_waterfront, shop, shop, shop_fountains,
          shop
D:4:      gammafunk_cloud_chamber, layout_rooms, nicolae_elyvilon_peaceful_grove
D:5:      layout_loops_corners, amcnicky_altar_gilded,
          minmay_temple_entry_junction, portal_sewer_entry_e,
          minmay_misc_feat_cross
D:6:      layout_layer_cave, serial_shops, nicolae_inconvenience_store,
          uniq_eustachio
D:7:      layout_basic, nicolae_gozag_seed_capital, glass_columns_c
D:8:      layout_basic, mainiacjoe_overflow_catwalk,
          mainiacjoe_overflow_cross_hatched, mainiacjoe_overflow_alcove_4,
          lemuel_crystal_altar, special_room [special_room_orc], uniq_psyche
D:9:      layout_basic, due_lair_maze_entry_diamond, serial_shops,
          kennysheep_mini, lemuel_another_geyser
Temple:   nicolae_temple_x_marks_the_god

Skill      XL: |  1  2  3  4  5  6  7  8  9 10 |
---------------+-------------------------------+-----
Conjurations   | 5 6 7 8 |  8.9
Stealth        | 3 4 5 6 |  6.4
Dodging        | 3 4 5 |  5.5
Spellcasting   | 4 6 7 10 | 10.3
Necromancy     | 1 3 5 8 9 |  9.2
Fighting       | 1 2 |  2.2
Translocations | 1 2 |  2.0
Long Blades    | 1 |  1.5
Short Blades   | |  0.7
Throwing       | |  0.2

Action                   |  1- 3 |  4- 6 |  7- 9 | 10-12 || total
-------------------------+-------+-------+-------+-------++-------
Melee: Dagger            |       |     4 |    30 |       ||    34
       Scimitar          |       |       |    84 |     3 ||    87
Throw: Dart              |       |     2 |       |       ||     2
 Cast: Magic Dart        |    11 |     3 |   114 |       ||   128
       Searing Ray       |     5 |    19 |    50 |     4 ||    78
       Dispel Undead     |       |       |    19 |       ||    19
       Vampiric Draining |       |       |    25 |     4 ||    29
       Iskenderun's Myst |       |       |    23 |     3 ||    26
       Agony             |       |       |     2 |       ||     2
       Excruciating Woun |       |       |     2 |       ||     2
  Use: Potion            |       |       |     2 |     3 ||     5
       Scroll            |       |       |     8 |       ||     8
 Stab: Sleeping          |       |     1 |     8 |       ||     9
Armor: Robe              |     2 |     2 |    42 |     4 ||    50
Dodge: Dodged            |     2 |    20 |   211 |    14 ||   247
